 Dungeon Sprint DCSS version 0.31.0-9-g3a7656b989 (console) character file.

Game seed: 2797956673828571346

7338 AlterAsc the Brawler (level 10, -2/138 HPs)
             Began as a Troll Berserker on Jan 28, 2024.
             Was a High Priest of Trog.
             Succumbed to a redback's poison
             ... in the Dungeon (Sprint I: "Red Sonja").
             The game lasted 00:04:00 (1026 turns).

AlterAsc the Brawler (Troll Berserker)              Turns: 1026, Time: 00:04:01

Health: -2/138     AC:  4    Str: 31    XL:     10   Next: 91%
Magic:  8/8        EV: 13    Int: -1    God:    Trog [*****.]
Gold:   723        SH:  0    Dex:  9    Spells: 9/9 levels left

rFire   . .          .
                       - Unarmed
rCold   . . .        (no shield)
rNeg    . . .        a - +0 animal skin
rPois   .            (helmet restricted)
rElec   .            (no cloak)
rCorr   .            (gloves unavailable)
SInv    .            (boots unavailable)
Will    .....        (no amulet) Stlth
                     (no ring)
HPRegen 1.23/turn    (no ring)
MPRegen 0.11/turn

%: no teleportation
@: berserking, lethally poisoned (-2 -> -33), slowed, lost intelligence, unable
to read
A: large, unfitting armour, claws 3, regeneration 1, shaggy fur 1, tough skin 1,
deterioration 1, dopey 2, frail 2, low MP 1, screaming 1, persistent drain
a: Renounce Religion, Berserk, Trog's Hand, Brothers in Arms


You were in the Dungeon.
You worshipped Trog.
Trog was extremely pleased with you.
You visited 1 branch You collected 723 gold pieces.

Inventory:

Armour
 a - a +0 animal skin (worn)
Wands
 h - a wand of paralysis (16)
Scrolls
 g - a scroll of blinking
 i - 2 scrolls of enchant armour {unknown}
 j - a scroll of poison {unknown}
Potions
 b - 3 potions of curing
 c - a potion of heal wounds
 d - a potion of haste
 e - 2 potions of magic
 f - a potion of berserk rage
 k - a potion of might {unknown}
 l - a potion of lignification {unknown}


   Skills:
 + Level 11.8 Fighting
 + Level 12.1 Dodging
 + Level 0.9 Stealth
 + Level 18.1 Unarmed Combat


You had 9 spell levels left.
You didn't know any spells.
Your spell library was empty.

Dungeon Overview and Level Annotations

Branches:
Dungeon (1/1)

Altars:
Cheibriados
Dithmenos
Elyvilon
Fedhas
Gozag
Hepliaklqana
Kikubaaqudgha
Makhleb
Nemelex Xobeh
Okawaru
Qazlal
Ru
Sif Muna
Trog
Uskayaw
Vehumet
Wu Jian
Xom
Yredelemnul
Zin
The Shining One
Jiyva
Lugonu

Shops:
D (?*((?[


Innate Abilities, Weirdness & Mutations

You are too large for most types of armour.
You have claws for hands.
Your natural rate of healing is unusually fast.
You are covered in fur. (AC +1)
You have tough skin. (AC +1)
Your body sometimes deteriorates upon taking damage.
You are very dopey. (Int -4)
You are very frail. (-20% HP)
Your magical capacity is low. (-10% MP)
You occasionally shout uncontrollably at your foes.
Your health recovers twice as slowly from being drained.


Message History

2 redbacks come into view.
You yell at the redback!
Found 54 gold pieces.
The redback moves out of view.
There is an open door here.
The redback bites you!
You are poisoned.
The redback poisons you!
You see here 27 gold pieces.
A red film seems to cover your vision as you go berserk!
You feel yourself moving faster!
You feel mighty!
You feel extremely sick. The redback bites you! The redback bites you.
You claw the redback!
The redback is moderately wounded.
You feel very sick.
You completely miss the redback.
You feel very sick. The redback barely misses you. The redback bites you!
You are more poisoned.
The redback poisons you!
You claw the redback!
The redback is moderately wounded.
You feel extremely sick. The redback bites you! x2
* * * LOW HITPOINT WARNING * * *
You are too injured to fight recklessly!
You claw the redback!
The redback is almost dead.
* * * LOW HITPOINT WARNING * * *
You feel extremely sick. The redback misses you.
The redback closely misses you.
You mangle the redback!!
You kill the redback!
Trog accepts your kill.
* * * LOW HITPOINT WARNING * * *
You feel extremely sick. The redback bites you!
* * * LOW HITPOINT WARNING * * *
You claw the redback!
The redback is heavily wounded.
You die...

##########
#..'..#__#
').#..'..+
#####'#__#### #
#.####§[#### #
##.#))§§.#..#
##+#_.'~~§.§§).#
.'..._#~~§§.#§.#
##_.#'##+#####'###
###'#.#).[.###§§@#
###.####'###.###s#
.'.).'.....'.∩##.#
##...###########$#
###.### #§#
#.#'#.# +$#
#.....# #.#
#.(...# #§#
####### # #


You could see a redback.

Vanquished Creatures
  2 centaur warriors (D)
  Sonja (D)
  A deep troll (D)
  8 shining eyes (D)
  An oklob plant (D)
  A hornet (D)
  4 glass eyes (D)
  Sigmund (D)
  A slime creature (D)
  A yak (D)
  A redback (D)
  An ogre (D)
  A jelly (D)
  Ijyb (D)
25 creatures vanquished.

Vanquished Creatures (others)
  2 ballistomycete spores (D)
2 creatures vanquished.

Grand Total: 27 creatures vanquished

Notes
Turn   | Place    | Note
-------+----------+-------------------------------------------
     0 | D        | AlterAsc the Troll Berserker began the quest for the Orb.
     0 | D        | Reached XP level 1. HP: 22/22 MP: 0/0
     1 | D        | Noticed Ijyb
    12 | D        | Killed Ijyb
    13 | D        | Reached skill level 4 in Unarmed Combat
    13 | D        | Reached XP level 2. HP: 31/31 MP: 1/1
    52 | D        | Noticed an ogre
    57 | D        | Killed an ogre
    58 | D        | Reached skill level 5 in Dodging
    58 | D        | Reached skill level 6 in Unarmed Combat
    58 | D        | Reached XP level 3. HP: 34/41 MP: 2/2
    58 | D        | Reached XP level 4. HP: 40/49 MP: 3/3
    61 | D        | Noticed Sigmund
    67 | D        | Killed Sigmund
    67 | D        | Reached ** piety under Trog
    68 | D        | Reached skill level 8 in Unarmed Combat
    68 | D        | Reached XP level 5. HP: 52/59 MP: 4/4
    68 | D        | Reached XP level 6. HP: 60/67 MP: 5/5
   119 | D        | Found an ornate altar of the Wu Jian Council.
   119 | D        | Found a shimmering blue altar of Sif Muna.
   120 | D        | Found a burning altar of Makhleb.
   120 | D        | Found a viscous altar of Jiyva.
   120 | D        | Found a shimmering altar of Xom.
   120 | D        | Found a corrupted altar of Lugonu.
   120 | D        | Noticed a slime creature
   129 | D        | Killed a slime creature
   130 | D        | Reached skill level 9 in Unarmed Combat
   134 | D        | Found a radiant altar of Vehumet.
   154 | D        | Found Liylozi's Antique Weapon Emporium.
   154 | D        | Found an ancient bone altar of Kikubaaqudgha.
   154 | D        | Found a hazy altar of Hepliaklqana.
   154 | D        | Found a stormy altar of Qazlal.
   154 | D        | Found a hide-covered altar of Uskayaw.
   154 | D        | Found a blossoming altar of Fedhas.
   154 | D        | Found a bloodstained altar of Trog.
   154 | D        | Found an iron altar of Okawaru.
   154 | D        | Found a basalt altar of Yredelemnul.
   154 | D        | Found a glowing golden altar of the Shining One.
   154 | D        | Found a snail-covered altar of Cheibriados.
   154 | D        | Found a sacrificial altar of Ru.
   154 | D        | Found a glowing silver altar of Zin.
   154 | D        | Found a shadowy altar of Dithmenos.
   154 | D        | Found a white marble altar of Elyvilon.
   154 | D        | Noticed a yak
   156 | D        | Killed a yak
   157 | D        | Reached skill level 10 in Unarmed Combat
   157 | D        | Reached XP level 7. HP: 68/78 MP: 6/6
   157 | D        | Found an opulent altar of Gozag.
   158 | D        | Found a sparkling altar of Nemelex Xobeh.
   178 | D        | Noticed a centaur warrior
   178 | D        | Noticed a centaur warrior
   190 | D        | Killed a centaur warrior
   190 | D        | Reached *** piety under Trog
   191 | D        | Reached skill level 11 in Unarmed Combat
   191 | D        | Reached XP level 8. HP: 37/89 MP: 7/7
   195 | D        | Killed a centaur warrior
   196 | D        | Reached skill level 13 in Unarmed Combat
   264 | D        | Noticed Sonja
   273 | D        | Killed Sonja
   274 | D        | Reached skill level 10 in Dodging
   274 | D        | Reached XP level 9. HP: 101/101 MP: 8/8
   316 | D        | Noticed a deep troll
   321 | D        | Killed a deep troll
   322 | D        | Reached skill level 10 in Fighting
   322 | D        | Reached skill level 14 in Unarmed Combat
   388 | D        | Found Plog's Armour Emporium.
   444 | D        | Found Hahenwa's Antique Weapon Boutique.
   446 | D        | Noticed a shining eye
   446 | D        | Noticed a shining eye
   446 | D        | Noticed a shining eye
   459 | D        | Noticed a shining eye
   459 | D        | Noticed a shining eye
   459 | D        | Noticed a shining eye
   464 | D        | Reached **** piety under Trog
   466 | D        | Killed a shining eye
   467 | D        | Reached skill level 15 in Unarmed Combat
   469 | D        | Killed a shining eye
   474 | D        | Reached XP level 10. HP: 111/111 MP: 9/9
   477 | D        | Gained mutation: You have hidden genetic defects. [a
                  | shining eye]
   478 | D        | Reached ***** piety under Trog
   481 | D        | Killed a shining eye
   481 | D        | Gained mutation: You are frail. (-10% HP) [a shining eye]
   482 | D        | Reached skill level 16 in Unarmed Combat
   482 | D        | Gained mutation: You are dopey. (Int -2) [a shining eye]
   485 | D        | Killed a shining eye
   490 | D        | Killed a shining eye
   493 | D        | Gained mutation: Your body sometimes deteriorates upon
                  | taking damage. [a shining eye]
   494 | D        | Gained mutation: You are very frail. (-20% HP) [hidden
                  | defects]
   499 | D        | Killed a shining eye
   500 | D        | Reached skill level 17 in Unarmed Combat
   502 | D        | Noticed a shining eye
   502 | D        | Noticed a shining eye
   504 | D        | Gained mutation: Your magical capacity is low. (-10% MP) [a
                  | shining eye]
   507 | D        | Killed a shining eye
   508 | D        | Gained mutation: Your health recovers twice as slowly from
                  | being drained. [a shining eye]
   509 | D        | Gained mutation: You occasionally shout uncontrollably at
                  | your foes. [a shining eye]
   510 | D        | Killed a shining eye
   514 | D        | Lost intelligence.
   514 | D        | Gained mutation: You are very dopey. (Int -4) [hidden
                  | defects]
   514 | D        | Lost mutation: You have hidden genetic defects. [hidden
                  | defects expressed]
   937 | D        | Found Vigos's Weapon Shop.
   937 | D        | Found Puhaw's Magic Scroll Shoppe.
   937 | D        | Found Uciefil's Magic Scroll Boutique.
   937 | D        | Found Fohoi's General Store.
   997 | D        | Received a gift from Trog
  1010 | D        | Noticed an oklob plant
  1015 | D        | Killed an oklob plant
  1016 | D        | Reached skill level 18 in Unarmed Combat
  1025 | D        | HP: 5/138 [redback (16)]
  1026 | D        | Succumbed to a redback's poison

Illustrated notes

Levels and vault maps discovered:
D:        dungeon_sprint_1 [red_sonja_temple_1, red_sonja_temple_small_1]

Skill      XL: |  1  2  3  4  5  6  7  8  9 10 |
---------------+-------------------------------+-----
Fighting       | 3 4 6 7 8 9 10 11 | 11.8
Dodging        | 3 5 6 7 8 10 11 12 | 12.1
Unarmed Combat | 4 6 8 10 11 13 15 18 | 18.1
Stealth        | |  0.9

Action                     |  1- 3 |  4- 6 |  7- 9 | 10-12 || total
---------------------------+-------+-------+-------+-------++-------
  Melee: Unarmed           |    13 |    15 |    31 |    37 ||    96
         Punch             |       |       |     2 |     4 ||     6
 Invoke: Berserk           |     1 |     1 |     4 |     1 ||     7
         Trog's Hand       |       |       |     1 |       ||     1
 Armour: Animal skin       |     6 |     8 |    36 |    10 ||    60
  Dodge: Dodged            |     2 |     2 |    15 |     4 ||    23
